cohdb
Replays
Latest Replays
All Replays
Popular Replays
Top Player Replays
Match Explorer
How It Works
Community
CoH3 Stats
Reddit
Sign in to upload your games and track your stats! →
Sign in with Steam
Match 44890007
Unlisted
Match 44890007
Overview
Messages
Build Orders
End
Construct Infanterie Kompanie
Selects Luftwaffe Battlegroup
Selects Luftwaffe Pioneer Support
Fallschirmpioneer Squad Paradrop
Grenadier Squad
Grenadier Squad
Construct Panzergrenadier Kompanie
Panzergrenadier Squad
251 Medium Carrier
Selects LG40 Recoilless Gun Paradrop
LG40 Recoilless Gun Paradrop
Selects Flak 36 Anti-tank Gun Emplacement
Construct Panzer Kompanie
Stoßtruppen Squad
Billy Mitchell
Goliath
JT
bigrat
chochomie
Shinkou
0
0
Comments
sign in to comment!
No comments posted yet!